[Event "Romanian Championship Open 2025"]
[Site "Craiova"]
[Date "2025.02.20"]
[Round "6.18"]
[White "Panc, Samuel"]
[Black "Bida, Mihai-Eugen"]
[Result "1/2-1/2"]
[Annotator "RC"]
[ECO "B31"]
[WhiteElo "2036"]
[BlackElo "2413"]
[PlyCount "88"]
[EventDate "2025.02.12"]
[EventType "swiss"]
[EventCountry "ROU"]
[SourceTitle "playchess.com"]
[Source "ChessBase"]
[SourceQuality "1"]
[TimeControl "40/5400+30:900+30"]

1. e4 c5 2. Nf3 Nc6 3. Bb5 g6 4. Bxc6 bxc6 5. O-O Bg7 6. Re1 Qc7 7. e5 f6 8. d4 cxd4 9. Bf4 Qb6 10. Qxd4 Qxd4 11. Nxd4 fxe5 12. Bxe5 Bxe5 13. Rxe5 Nf6 14. c4 Kf7 15. Nc3 Bb7 16. Rae1 Rhe8 17. f4 Rac8 18. Nf3 h6 19. R5e2 d6 20. Ne4 Nxe4 21. Rxe4 c5 22. R4e3 Bxf3 23. Rxf3 Rb8 24. b3 a5 25. a4 e6 26. Rd3 Rb6 27. Kf2 Kf6 28. Kf3 Reb8 29. Ree3 g5 30. fxg5+ hxg5 31. Kg3 e5 32. h4 gxh4+ 33. Kxh4 Ke6 34. Kg3 R6b7 35. Kf2 Rf7+ 36. Ke2 Rf4 37. Rh3 Rd4 38. Rh6+ Kd7 39. Rh7+ Kc6 40. Rg3 Rf8 41. Rgg7 Re4+ 42. Kd3 Rd4+ 43. Ke2 Re4+ 44. Kd3 Rd4+ 1/2-1/2

[Event "Romanian Championship Open 2025"]
[Site "Craiova"]
[Date "2025.02.20"]
[Round "6.19"]
[White "Tamas, Christian-Arrydan"]
[Black "Cosma, Ioan"]
[Result "1-0"]
[Annotator "ChessBase"]
[ECO "E27"]
[WhiteElo "2016"]
[BlackElo "2286"]
[PlyCount "67"]
[EventDate "2025.02.12"]
[EventType "swiss"]
[EventCountry "ROU"]
[SourceTitle "playchess.com"]
[Source "ChessBase"]
[SourceQuality "1"]
[TimeControl "40/5400+30:900+30"]

1. d4 Nf6 2. c4 e6 3. Nc3 Bb4 4. f3 O-O 5. a3 Bxc3+ 6. bxc3 Ne8 7. Nh3 b6 8. e4 Ba6 9. Bd3 Nc6 10. O-O Na5 11. Qe2 Nb3 12. Rb1 Nxc1 13. Rbxc1 c5 14. f4 d5 15. cxd5 Bxd3 16. Qxd3 exd5 17. e5 f5 18. c4 cxd4 19. Qxd4 dxc4 20. Qxc4+ Kh8 21. Ng5 Qe7 22. Rfd1 a5 23. Qc6 Ra7 24. Qxb6 h6 25. Ne6 Rg8 26. Nd4 Rb7 27. Nxf5 Qf7 28. e6 Qxf5 29. Qxb7 Qxe6 30. Qf3 Nf6 31. h3 Rb8 32. Kh2 a4 33. Rd4 Rb3 34. Rc3 1-0

[Event "Romanian Championship Open 2025"]
[Site "Craiova"]
[Date "2025.02.20"]
[Round "6.20"]
[White "Manea, Alexandru"]
[Black "Petroff, Vlad"]
[Result "1-0"]
[Annotator "ChessBase"]
[ECO "B13"]
[WhiteElo "2272"]
[BlackElo "2112"]
[PlyCount "177"]
[EventDate "2025.02.12"]
[EventType "swiss"]
[EventCountry "ROU"]
[SourceTitle "playchess.com"]
[Source "ChessBase"]
[SourceQuality "1"]
[TimeControl "40/5400+30:900+30"]

1. e4 c6 2. d4 d5 3. exd5 cxd5 4. Bd3 Nc6 5. c3 Qc7 6. Na3 a6 7. Nc2 e6 8. Nf3 Bd6 9. O-O Nge7 10. Re1 h6 11. Qe2 O-O 12. Bd2 Kh8 13. Ne5 f6 14. f4 fxe5 15. fxe5 Nxe5 16. dxe5 Bc5+ 17. Be3 Bxe3+ 18. Qxe3 Bd7 19. Nd4 Qb6 20. Re2 Be8 21. Nb3 Qxe3+ 22. Rxe3 Bg6 23. Nc5 Bxd3 24. Rxd3 Rf5 25. Re1 Nc6 26. Nxe6 Nxe5 27. Rg3 Re8 28. Nd4 Rf7 29. Rge3 Rfe7 30. Nf5 Re6 31. Kf1 Kh7 32. Nd4 R6e7 33. Nf5 Re6 34. R1e2 Kg8 35. Nd4 R6e7 36. Nf5 Re6 37. h3 Kh7 38. Nd4 R6e7 39. Nf5 Re6 40. a4 Kg8 41. g4 Kh7 42. b3 g6 43. Nd4 R6e7 44. Nf3 Nc6 45. Rxe7+ Rxe7 46. Rxe7+ Nxe7 47. Ke2 Kg7 48. Ke3 Nc6 49. Nd4 Ne7 50. Ne6+ Kf6 51. Nc5 b6 52. Nxa6 Kg5 53. Kf3 Kh4 54. Kg2 h5 55. gxh5 gxh5 56. Nc7 Kg5 57. b4 Kf4 58. a5 bxa5 59. bxa5 Nc6 60. a6 Na7 61. Nxd5+ Ke5 62. Nb4 Kd6 63. Kg3 Kc5 64. Kh4 Kc4 65. Na2 Kb3 66. Kxh5 Kxa2 67. Kg6 Kb3 68. h4 Kxc3 69. h5 Kb4 70. h6 Ka5 71. h7 Kxa6 72. h8=Q Nb5 73. Kf5 Ka5 74. Ke4 Kb4 75. Kd3 Kc5 76. Qh5+ Kc6 77. Kc4 Nd6+ 78. Kb4 Nb7 79. Qh1+ Kb6 80. Qh6+ Kc7 81. Kb5 Nd6+ 82. Kc5 Nb7+ 83. Kd5 Nd8 84. Qd6+ Kc8 85. Qe7 Nb7 86. Kc6 Na5+ 87. Kb5 Nb7 88. Kb6 Nc5 89. Qc7# 1-0

[Event "Romanian Championship Open 2025"]
[Site "Craiova"]
[Date "2025.02.20"]
[Round "6.21"]
[White "Gales, Randi-Ioan"]
[Black "Armenciu, Bogdan-Ovidiu"]
[Result "1-0"]
[Annotator "ChessBase"]
[ECO "D38"]
[WhiteElo "2247"]
[BlackElo "1950"]
[PlyCount "81"]
[EventDate "2025.02.12"]
[EventType "swiss"]
[EventCountry "ROU"]
[SourceTitle "playchess.com"]
[Source "ChessBase"]
[SourceQuality "1"]
[TimeControl "40/5400+30:900+30"]

1. d4 Nf6 2. Nf3 d5 3. c4 e6 4. Nc3 Bb4 5. Qa4+ Nc6 6. e3 O-O 7. Bd2 Re8 8. Rc1 Bf8 9. a3 a6 10. Qc2 h6 11. h3 dxc4 12. Bxc4 e5 13. d5 Na5 14. Ba2 c5 15. e4 b5 16. Ne2 Nb7 17. Ng3 Bd7 18. b4 c4 19. O-O a5 20. Bc3 axb4 21. axb4 Qc7 22. Qb2 Bd6 23. Bb1 Nh7 24. Nh4 g6 25. Bd2 Ng5 26. Rc3 Qd8 27. Nf3 Qe7 28. Nxg5 hxg5 29. Ra3 f6 30. Bc2 Kg7 31. Rfa1 Qf8 32. Ra7 Rxa7 33. Rxa7 Rb8 34. Qa3 Qc8 35. Bd1 g4 36. Qa6 Be7 37. Bxg4 Bxg4 38. hxg4 Qd7 39. Qc6 Qxc6 40. dxc6 Rd8 41. Rxb7 1-0

[Event "Romanian Championship Open 2025"]
[Site "Craiova"]
[Date "2025.02.21"]
[Round "7.1"]
[White "Nastore, Pavel-Alexandru"]
[Black "Gavrilescu, David"]
[Result "1/2-1/2"]
[Annotator "TA"]
[ECO "C07"]
[WhiteElo "2250"]
[BlackElo "2543"]
[PlyCount "28"]
[EventDate "2025.02.12"]
[EventType "swiss"]
[EventCountry "ROU"]
[SourceTitle "playchess.com"]
[Source "ChessBase"]
[SourceQuality "1"]
[TimeControl "40/5400+30:900+30"]

1. e4 e6 2. d4 d5 3. Nd2 c5 4. Ngf3 cxd4 5. Nxd4 Nc6 6. Bb5 Bd7 7. Nxc6 bxc6 8. Bd3 Bd6 {[%emt 0:01:04] C07: French Tarrasch: 3...c5, 4 Ngf3 and 4 exd5 Qxd5.} 9. Qe2 e5 10. c4 d4 {[%emt 0:00:50] The position is equal.} 11. O-O c5 12. f4 Ne7 13. f5 Qc7 $146 (13... Ng8 $15) (13... Nc6 14. a3 f6 15. Qh5+ Ke7 16. Qd1 a5 17. Rf3 g5 18. fxg6 hxg6 19. Rf2 Qg8 {½-½ Kunka,H (2310)-Melillo,L (2297) Austin Spring GM 2024 (3)}) 14. Nf3 (14. Qh5 $11) 14... f6 {[%emt 0:04:47] Weighted Error Value: White=0.20 (precise) /Black=0.11 (very precise)   Mistake:       	White=1     	Black=1      Inaccurate:     	White=2     	---        OK:         	White=1     	Black=4} 1/2-1/2

[Event "Romanian Championship Open 2025"]
[Site "Craiova"]
[Date "2025.02.21"]
[Round "7.2"]
[White "Lupulescu, Constantin"]
[Black "Filip, Lucian-Ioan"]
[Result "1-0"]
[Annotator "TA"]
[ECO "B42"]
[WhiteElo "2603"]
[BlackElo "2328"]
[PlyCount "75"]
[EventDate "2025.02.12"]
[EventType "swiss"]
[EventCountry "ROU"]
[SourceTitle "playchess.com"]
[Source "ChessBase"]
[SourceQuality "1"]
[TimeControl "40/5400+30:900+30"]

1. e4 c5 2. Nf3 e6 3. d4 cxd4 4. Nxd4 a6 5. Bd3 Bc5 6. Nb3 Be7 7. Qg4 g6 8. Qe2 d6 {[%emt 0:00:04] B42: Sicilian: Kan Variation: 5 Bd3.} 9. a4 Nd7 10. Na3 $5 {[%emt 0:03:27][%mdl 4] Leaves trodden paths.} Ne5 {[%emt 0:00:04] White is slightly better.} 11. Nc4 Nxc4 12. Bxc4 Nf6 $146 ({Predecessor:} 12... Qc7 13. a5 Bd7 14. O-O Nf6 15. Bg5 Bc6 16. Bd3 Nh5 17. Bh6 Bf6 18. c3 d5 {½-½ Vavulin,M (2575)-Praggnanandhaa,R (2507) Moscow Aeroflot op-A 17th 2018 (7)}) 13. Bh6 Nxe4 14. Bxe6 (14. Qxe4 {feels hotter.} d5 15. Qd4 Bf6 16. Qe3) 14... Bxe6 15. Qxe4 Bxb3 16. cxb3 {[%emt 0:00:12][%cal Oe1g1] [#]} d5 17. Qe3 {[%emt 0:08:10] Black is weak on the dark squares} Qa5+ 18. Kf1 Qc5 $1 19. Qf3 Qd6 {[%emt 0:19:41] [#]} (19... f6 $14) 20. Re1 $1 $18 Rd8 21. h4 {[%emt 0:18:16][%cal Bh2h4,Bh4h5][%mdl 32] White is much more active.} Rd7 22. h5 Rg8 (22... d4) 23. Bg5 Kf8 $2 (23... h6 $16) 24. Bf4 Qb6 25. hxg6 Qxg6 26. Bh6+ Ke8 27. Rh3 Qc6 28. Bd2 d4 29. Qxc6 (29. Rxh7 Qxf3 30. gxf3 Kf8) 29... bxc6 30. Rxh7 Rd5 31. b4 Rg6 (31... d3 $16 {was called for.} 32. Re4 Rg6 33. Rh8+ Kd7) 32. Rh8+ Kd7 33. Ra8 {[%emt 0:00:05] And now Ra7+ would win.} Re6 $2 (33... Bg5 34. Ra7+ Kd6) 34. Ra7+ ({Less strong is} 34. Rxa6 d3 35. Ra7+ Kd8 $18) 34... Kd8 35. Ra8+ Kd7 36. Ra7+ Kd8 37. Rxa6 Rxe1+ 38. Kxe1 {[%emt 0:00:26] Weighted Error Value: White=0.38/Black=0.29 (precise)   Mistake:       	---       	Black=5      Inaccurate:     	White=3     	Black=1      OK:         	White=11    	Black=4      Best:        	White=2     	Black=7      Strong:       	White=1     	Black=1} 1-0

[Event "Romanian Championship Open 2025"]
[Site "Craiova"]
[Date "2025.02.21"]
[Round "7.3"]
[White "Magold, Filip"]
[Black "Serban, Cristian-Stefan"]
[Result "1/2-1/2"]
[Annotator "RC"]
[ECO "C65"]
[WhiteElo "2431"]
[BlackElo "2295"]
[PlyCount "109"]
[EventDate "2025.02.12"]
[EventType "swiss"]
[EventCountry "ROU"]
[SourceTitle "playchess.com"]
[Source "ChessBase"]
[SourceQuality "1"]
[TimeControl "40/5400+30:900+30"]

1. e4 e5 2. Nf3 Nc6 3. Bb5 Nf6 4. d3 Bc5 5. O-O Nd4 6. Bc4 Nxf3+ 7. Qxf3 O-O 8. Bg5 Be7 9. c3 c6 10. Bb3 h6 11. Bh4 d6 12. d4 exd4 13. cxd4 Nxe4 14. Bxe7 Qxe7 15. Re1 d5 16. Nc3 Re8 17. Nxe4 dxe4 18. Qf4 Qf6 19. Qxf6 gxf6 20. f3 f5 21. Bc2 Rd8 22. Rad1 exf3 23. gxf3 Be6 24. Re5 Rd6 25. Bxf5 Bxf5 26. Rxf5 Rad8 27. Rf4 c5 28. Kf2 cxd4 29. Ke2 Re8+ 30. Re4 Rxe4+ 31. fxe4 Ra6 32. a3 Rb6 33. b4 Ra6 34. Rd3 Kg7 35. Kf3 Kf6 36. Kf4 Ke6 37. Rh3 h5 38. Rxh5 Rxa3 39. Re5+ Kf6 40. Rd5 d3 41. Ke3 Rb3 42. b5 d2+ 43. Kxd2 Rb2+ 44. Kc3 Rxh2 45. Rd7 Ke6 46. Rxb7 Ra2 47. Kd4 f6 48. Rc7 Rd2+ 49. Kc3 Ra2 50. Kd3 Ra1 51. Ke3 Ra2 52. Rc6+ Ke5 53. Rc5+ Ke6 54. Rc6+ Ke5 55. Rc5+ 1/2-1/2

[Event "Romanian Championship Open 2025"]
[Site "Craiova"]
[Date "2025.02.21"]
[Round "7.4"]
[White "Sava, Robert-Gabriel"]
[Black "Sachilaru, Alexandru"]
[Result "1/2-1/2"]
[Annotator "RC"]
[ECO "D30"]
[WhiteElo "2183"]
[BlackElo "2305"]
[PlyCount "48"]
[EventDate "2025.02.12"]
[EventType "swiss"]
[EventCountry "ROU"]
[SourceTitle "playchess.com"]
[Source "ChessBase"]
[SourceQuality "1"]
[TimeControl "40/5400+30:900+30"]

1. d4 Nf6 2. c4 e6 3. Nf3 a6 4. e3 d5 5. Nbd2 Be7 6. Be2 O-O 7. O-O b6 8. b3 Bb7 9. Bb2 Nbd7 10. Ne5 c5 11. Ndf3 Rc8 12. Rc1 Bd6 13. Nxd7 Nxd7 14. Ne5 Nxe5 15. dxe5 Bb8 16. Bf3 Qe7 17. cxd5 exd5 18. Bg4 Rcd8 19. f4 b5 20. Kh1 a5 21. Qe2 b4 22. Rfd1 Rfe8 23. Qb5 Ba7 24. f5 Qd7 1/2-1/2

[Event "Romanian Championship Open 2025"]
[Site "Craiova"]
[Date "2025.02.21"]
[Round "7.5"]
[White "Cnejev, Vladimir-Alexandru"]
[Black "David, Alexandru-Vasile"]
[Result "1-0"]
[Annotator "RC"]
[ECO "B07"]
[WhiteElo "2300"]
[BlackElo "2331"]
[PlyCount "115"]
[EventDate "2025.02.12"]
[EventType "swiss"]
[EventCountry "ROU"]
[SourceTitle "playchess.com"]
[Source "ChessBase"]
[SourceQuality "1"]
[TimeControl "40/5400+30:900+30"]

1. e4 g6 2. d4 Bg7 3. Nf3 d6 4. Bd3 Nf6 5. Nbd2 O-O 6. O-O Nc6 7. c3 e5 8. Re1 Nh5 9. dxe5 dxe5 10. Qc2 f5 11. b4 a6 12. a4 Nf4 13. Bc4+ Be6 14. Bxe6+ Nxe6 15. Qb3 Re8 16. Nc4 fxe4 17. Rxe4 Qd5 18. Qc2 Nf4 19. Ne3 Qd3 20. Qxd3 Nxd3 21. Bd2 Rad8 22. Kf1 a5 23. Be1 Rf8 24. b5 Nb8 25. Rc4 c5 26. bxc6 Nxc6 27. Rb1 Rd7 28. Rb5 h6 29. h4 Rfd8 30. Re4 Bf8 31. Nc4 Nc5 32. Rg4 Rd1 33. Nfxe5 g5 34. hxg5 h5 35. Rf4 Nxa4 36. Ne3 Nxc3 37. Nxc6 bxc6 38. Rb3 Bb4 39. Nxd1 Rxd1 40. Rbxb4 axb4 41. Rxb4 Nb5 42. Rc4 Nd4 43. f4 Ne6 44. Ke2 Rd5 45. Ke3 c5 46. Ke4 Rd1 47. Bc3 Rg1 48. Kf5 Nf8 49. Rxc5 Rxg2 50. Rc8 Kf7 51. Rc7+ Ke8 52. Rc8+ Kf7 53. Rc7+ Ke8 54. Bb4 Nd7 55. Rc8+ Kf7 56. Rd8 Nb6 57. Bc5 Nc4 58. g6+ 1-0

[Event "Romanian Championship Open 2025"]
[Site "Craiova"]
[Date "2025.02.21"]
[Round "7.6"]
[White "Craciun, Sasha-Matei"]
[Black "Jianu, Vlad-Cristian"]
[Result "1/2-1/2"]
[Annotator "RC"]
[ECO "B07"]
[WhiteElo "2257"]
[BlackElo "2467"]
[PlyCount "35"]
[EventDate "2025.02.12"]
[EventType "swiss"]
[EventCountry "ROU"]
[SourceTitle "playchess.com"]
[Source "ChessBase"]
[SourceQuality "1"]
[TimeControl "40/5400+30:900+30"]

1. e4 d6 2. d4 Nf6 3. Nd2 e5 4. c3 g6 5. Ngf3 Nbd7 6. Bd3 Bg7 7. O-O O-O 8. Re1 b6 9. Qc2 Bb7 10. Nc4 d5 11. exd5 exd4 12. cxd4 Nxd5 13. Bd2 N7f6 14. Nce5 Qd6 15. Nc4 Qd8 16. Nce5 Qd6 17. Nc4 Qd8 18. Nce5 1/2-1/2

[Event "Romanian Championship Open 2025"]
[Site "Craiova"]
[Date "2025.02.21"]
[Round "7.7"]
[White "Ghimpu, Samuel-Timotei"]
[Black "Coicev, Matei-Andrei"]
[Result "1/2-1/2"]
[Annotator "RC"]
[ECO "B10"]
[WhiteElo "2456"]
[BlackElo "2286"]
[PlyCount "79"]
[EventDate "2025.02.12"]
[EventType "swiss"]
[EventCountry "ROU"]
[SourceTitle "playchess.com"]
[Source "ChessBase"]
[SourceQuality "1"]
[TimeControl "40/5400+30:900+30"]

1. e4 c6 2. Nf3 d5 3. d3 Bg4 4. h3 Bxf3 5. Qxf3 e6 6. g3 Nd7 7. Qe2 Bd6 8. Bg2 Ne7 9. O-O Qc7 10. Nd2 h5 11. d4 e5 12. exd5 cxd5 13. c4 exd4 14. cxd5 Nf6 15. Nc4 O-O 16. Rd1 Nexd5 17. Nxd6 Qxd6 18. Rxd4 Qe6 19. Qd1 Ne7 20. Bxb7 Rab8 21. Bg2 Nf5 22. Rd3 Rfe8 23. b3 a5 24. Bf4 Rbc8 25. Bb7 Rc5 26. Rd8 Rxd8 27. Qxd8+ Kh7 28. Qd3 Nd5 29. Bd2 Nb4 30. Qf3 g6 31. Bxb4 axb4 32. Rd1 Rc3 33. Qe4 Qb6 34. g4 Nd6 35. Qf4 Qxb7 36. Qxd6 Rxh3 37. Qd5 Qe7 38. Kg2 Rh4 39. gxh5 Rxh5 40. Rh1 1/2-1/2

[Event "Romanian Championship Open 2025"]
[Site "Craiova"]
[Date "2025.02.21"]
[Round "7.8"]
[White "Ilinca, Felix-Antonio"]
[Black "Negrean, Andrei"]
[Result "1-0"]
[Annotator "RC"]
[ECO "A30"]
[WhiteElo "2412"]
[BlackElo "2224"]
[PlyCount "119"]
[EventDate "2025.02.12"]
[EventType "swiss"]
[EventCountry "ROU"]
[SourceTitle "playchess.com"]
[Source "ChessBase"]
[SourceQuality "1"]
[TimeControl "40/5400+30:900+30"]

1. Nf3 c5 2. c4 Nf6 3. Nc3 e6 4. g3 b6 5. Bg2 Bb7 6. O-O a6 7. Re1 d6 8. e4 Be7 9. d4 cxd4 10. Nxd4 Qc7 11. Be3 Nbd7 12. Rc1 O-O 13. f4 Rfe8 14. g4 g6 15. g5 Nh5 16. f5 Bf8 17. b3 Ne5 18. f6 Rad8 19. Na4 Nd7 20. Rc2 Qb8 21. Nc3 Qa8 22. Bc1 Nc5 23. Rce2 e5 24. Nf3 b5 25. Nd5 Ne6 26. Be3 bxc4 27. bxc4 Nef4 28. Rb2 Qc8 29. Kh1 Bxd5 30. cxd5 Qg4 31. Bf1 h6 32. Bxa6 Nh3 33. Bd3 N5f4 34. Bxf4 Qxf4 35. Rg2 Nxg5 36. Nxg5 hxg5 37. Bb5 Qxf6 38. Bxe8 Rxe8 39. Rf1 Qh8 40. Qf3 Qh7 41. Qg4 Ra8 42. Qd7 g4 43. Rgf2 g3 44. Qxf7+ Qxf7 45. Rxf7 g2+ 46. Kxg2 Rxa2+ 47. R1f2 Ra8 48. Rd7 Kh8 49. Rf6 Bg7 50. Rxg6 Ra3 51. Rdxd6 Re3 52. Rg4 Re2+ 53. Kg3 Re3+ 54. Kh4 Re2 55. h3 Re3 56. Re6 Kg8 57. Rxe5 Kf7 58. Rxg7+ Kxg7 59. d6 Kf6 60. Re8 1-0

[Event "Romanian Championship Open 2025"]
[Site "Craiova"]
[Date "2025.02.21"]
[Round "7.9"]
[White "Secheres, Adrian-Simion"]
[Black "Leu, Dragos Stefan"]
[Result "1/2-1/2"]
[Annotator "RC"]
[ECO "E11"]
[WhiteElo "2350"]
[BlackElo "2180"]
[PlyCount "55"]
[EventDate "2025.02.12"]
[EventType "swiss"]
[EventCountry "ROU"]
[SourceTitle "playchess.com"]
[Source "ChessBase"]
[SourceQuality "1"]
[TimeControl "40/5400+30:900+30"]

1. d4 Nf6 2. Nf3 e6 3. c4 Bb4+ 4. Bd2 Qe7 5. g3 Bxd2+ 6. Qxd2 d6 7. Bg2 e5 8. Nc3 O-O 9. O-O Re8 10. dxe5 dxe5 11. Rfd1 c6 12. a3 a5 13. Na4 Bf5 14. Nh4 Be6 15. Qg5 Nbd7 16. Nf5 Bxf5 17. Qxf5 Nc5 18. Qc2 Nxa4 19. Qxa4 Nd7 20. b4 axb4 21. Qxb4 Nc5 22. a4 e4 23. e3 Qe5 24. a5 Rad8 25. a6 bxa6 26. Qb6 Nd3 27. Qxa6 c5 28. Qa5 1/2-1/2

[Event "Romanian Championship Open 2025"]
[Site "Craiova"]
[Date "2025.02.21"]
[Round "7.10"]
[White "Nedelcu, Teodor-Cosmin"]
[Black "Toma, Iustin"]
[Result "1-0"]
[Annotator "RC"]
[ECO "A58"]
[WhiteElo "2320"]
[BlackElo "2118"]
[PlyCount "79"]
[EventDate "2025.02.12"]
[EventType "swiss"]
[EventCountry "ROU"]
[SourceTitle "playchess.com"]
[Source "ChessBase"]
[SourceQuality "1"]
[TimeControl "40/5400+30:900+30"]

1. d4 Nf6 2. c4 c5 3. d5 b5 4. cxb5 a6 5. bxa6 e6 6. Nc3 exd5 7. Nxd5 Be7 8. Nxe7 Qxe7 9. e3 O-O 10. Nf3 Rxa6 11. Bxa6 Bxa6 12. Ng1 d5 13. Ne2 Rd8 14. O-O d4 15. exd4 Bxe2 16. Re1 Bxd1 17. Rxe7 cxd4 18. Bd2 Bc2 19. f3 Nbd7 20. Rae1 h6 21. g4 Nf8 22. Rc7 d3 23. Rc4 Ne6 24. Kf2 Rb8 25. Rb4 Rc8 26. h4 Nd5 27. Rb5 Ndf4 28. Re4 g5 29. hxg5 hxg5 30. Reb4 Ne2 31. Rb8 Rxb8 32. Rxb8+ Kh7 33. Rb7 Kg6 34. Rd7 N2d4 35. Ke3 Nb5 36. a4 Bxa4 37. Rxd3 Nbc7 38. Kf2 Bc6 39. Rd6 Bd5 40. Ba5 1-0

[Event "Romanian Championship Open 2025"]
[Site "Craiova"]
[Date "2025.02.21"]
[Round "7.11"]
[White "Nastase, Robert-Paul"]
[Black "Filip, Andrei"]
[Result "0-1"]
[Annotator "RC"]
[ECO "C00"]
[WhiteElo "2259"]
[BlackElo "2320"]
[PlyCount "45"]
[EventDate "2025.02.12"]
[EventType "swiss"]
[EventCountry "ROU"]
[SourceTitle "playchess.com"]
[Source "ChessBase"]
[SourceQuality "1"]
[TimeControl "40/5400+30:900+30"]

1. e4 e6 2. d3 d5 3. Nc3 Nf6 4. Bg5 Be7 5. Nf3 O-O 6. Qd2 c5 7. g3 Nc6 8. exd5 exd5 9. Bg2 d4 10. Ne2 h6 11. Bxf6 Bxf6 12. O-O Bf5 13. h3 Qd7 14. g4 Bh7 15. Nh2 Rae8 16. Ng3 Bd8 17. f4 Re3 18. Rf3 Rfe8 19. Qf2 Ba5 20. Bf1 Bc7 21. f5 Qd6 22. Kg2 Nb4 23. Rc1 0-1

[Event "Romanian Championship Open 2025"]
[Site "Craiova"]
[Date "2025.02.21"]
[Round "7.12"]
[White "Nisipeanu, Liviu-Dieter"]
[Black "Tanasie, Cosmin"]
[Result "1-0"]
[Annotator "TA"]
[ECO "A44"]
[WhiteElo "2596"]
[BlackElo "2198"]
[PlyCount "91"]
[EventDate "2025.02.12"]
[EventType "swiss"]
[EventCountry "ROU"]
[SourceTitle "playchess.com"]
[Source "ChessBase"]
[SourceQuality "1"]
[TimeControl "40/5400+30:900+30"]

1. d4 c5 2. d5 e5 3. e4 d6 4. Ne2 Be7 5. Nec3 Nf6 6. Nd2 {[%emt 0:01:37][%cal Bb1d2,Bd2c4,Bc4e3][%mdl 32] A44: Semi-Benoni.} Nbd7 7. a4 Nf8 (7... O-O $142) 8. a5 {[%emt 0:02:46] White is better.} a6 9. Nc4 Ng6 $146 ({Predecessor:} 9... Rb8 10. h4 h5 11. g3 Ng6 12. Ra3 Bg4 13. Be2 Bxe2 14. Qxe2 Qd7 15. Bg5 Qg4 16. Bxf6 Qxe2+ 17. Kxe2 gxf6 {1-0 Kalinitschew,S (2496)-Richter,K (2088) Dortmund op-A 2003 (1)}) 10. g3 O-O 11. h4 h5 12. Be2 Bg4 13. Ne3 Bxe2 14. Qxe2 Re8 15. Nf5 Nf8 16. f3 {[%emt 0:06:34] White is much more active.} g6 17. Nxe7+ Qxe7 18. g4 Kg7 19. Bg5 N8h7 20. Bd2 Rh8 (20... Nf8 $16 {is a better defense.} 21. b3 N8d7) 21. Na4 $18 ({Much less strong is} 21. g5 Nd7 22. Nd1 b6 23. axb6 Rhb8 24. Rxa6 Nxb6) 21... Rad8 22. Nb6 (22. g5 Nd7 23. b3 Ra8 $14) 22... Nf8 23. g5 N6d7 24. Nc4 Nh7 25. O-O-O Rhe8 26. Rdf1 Kg8 27. Rhg1 Nhf8 28. Rf2 Rb8 29. f4 exf4 $2 (29... b5) 30. Bxf4 Qxe4 31. Qxe4 Rxe4 32. Nxd6 Ra4 33. Kb1 {[%emt 0:00:06] White is clearly winning. Repels Ra1+} (33. Bh2 Rxa5 34. Kb1 (34. Nxf7 Re8 $16) (34. Rxf7 Ra1+ 35. Kd2 Rxg1 $16) 34... Ra4 $18) 33... Rd4 {[%emt 0:03:33] [#]} 34. Nxf7 $1 Re8 35. Bd2 Kh7 36. Bc3 Rxd5 {[%emt 0:00:22] [#]} 37. Nd6 {[%emt 0:01:39][%mdl 512] Against Rf5} Re7 (37... Ree5 38. Bxe5) 38. Nc8 Ree5 39. Rf7+ Kg8 40. Rgf1 {[%emt 0:00:00] Strongly threatening Ne7+.} Rd1+ 41. Rxd1 {[%emt 0:00:10] White wants to mate with Rdf1.} Kxf7 42. Bxe5 Nxe5 43. Nd6+ Ke7 44. Nxb7 Nfd7 45. Rd6 Nb8 46. Rb6 {[%emt 0:00:23] Black got outplayed after the opening.   Weighted Error Value: White=0.02 (flawless) /Black=0.30  Mistake:       	---       	Black=3      Inaccurate:     	---       	Black=1      OK:         	White=23    	Black=8} 1-0

[Event "Romanian Championship Open 2025"]
[Site "Craiova"]
[Date "2025.02.21"]
[Round "7.13"]
[White "Parligras, Mircea-Emilian"]
[Black "Voiteanu, Gabriel"]
[Result "1-0"]
[Annotator "TA"]
[ECO "D12"]
[WhiteElo "2528"]
[BlackElo "2159"]
[PlyCount "79"]
[EventDate "2025.02.12"]
[EventType "swiss"]
[EventCountry "ROU"]
[SourceTitle "playchess.com"]
[Source "ChessBase"]
[SourceQuality "1"]
[TimeControl "40/5400+30:900+30"]

1. d4 d5 2. c4 c6 3. Nf3 Nf6 4. e3 Bf5 5. Nc3 e6 6. Nh4 Be4 7. f3 Bg6 {[%emt 0:00:11] D12: Slav Defence: 3 Nf3 Nf6 4 e3 Bf5.} 8. Bd2 Qc7 9. Rc1 Be7 {[%emt 0:03:59] White is slightly better.} 10. g3 Nbd7 $146 (10... Qd7 11. c5 Nh5 12. Nxg6 hxg6 13. Kf2 Qd8 14. f4 Nd7 15. Bd3 f5 16. b4 Nhf6 {½-½ Pacher,M (2365)-Tejaswini,S (1966) Budapest Vezerkepzo IM New Year 2024 (5)}) 11. Qb3 Qb6 12. Nxg6 hxg6 13. Bd3 O-O 14. O-O c5 15. Qxb6 Nxb6 16. b3 Rfd8 {[%emt 0:07:07] And now ...dxc4 would win.} 17. Ne2 cxd4 18. exd4 dxc4 19. bxc4 Na4 (19... e5 $15) 20. Rb1 Rd7 (20... Bc5 $11 21. Bc2 Bxd4+ 22. Nxd4 Rxd4) 21. Rfd1 Rc8 {[%emt 0:01:42] Black is now going downhill.} 22. c5 Nxc5 (22... a6 $14) 23. Bb5 $18 {[%emt 0:00:19][%cal Ob5d7] A strong pair of Bishops.} Rd5 24. dxc5 Rcd8 25. Rb2 Bxc5+ 26. Kf1 $1 Ba3 27. Rb3 Bc5 {[%emt 0:00:17] [#]} 28. Ke1 a6 29. Bc4 Rh5 {[%emt 0:00:07] [#]} 30. h4 ({Inferior is} 30. Rxb7 Rxh2 31. Nc3 (31. Bxa6 $2 {perishes.} Rh1+ $19) 31... Bd4 $11) 30... b5 31. Rd3 Rxd3 32. Bxd3 Nd5 (32... Rd5 $142) 33. Rc1 Bb6 34. Bg5 Nb4 35. Bb1 {[%emt 0:00:20] White is clearly winning.} Rh8 36. Bd2 Nd5 37. Rc6 Kh7 38. Nf4 {[%emt 0:00:50] Black must now prevent Nxd5.} Rb8 39. Nxd5 exd5 40. h5 {[%emt 0:00:00] Weighted Error Value: White=0.13 (very precise) /Black=0.33  Mistake:       	---       	Black=4      Inaccurate:     	White=5     	Black=2      OK:         	White=12    	Black=10     Best:        	White=2     	---        Strong:       	White=1     	---} 1-0